 Dungeon Crawl Stone Soup version 0.26.1-11-gd32895ea62 (webtiles) character file.

Game seed: 11000605575495441500

147 Almogavar the Sneak (level 5, -3/35 HPs)
             Began as an Octopode Brigand on June 17, 2021.
             Killed by divine providence
             ... invoked by an orc priest
              (10 damage)
             ... on level 3 of the Dungeon.
             The game lasted 00:04:43 (2040 turns).

Almogavar the Sneak (Octopode Brigand)              Turns: 2040, Time: 00:04:44

Health: -3/35      AC:  1    Str: 11    XL:     5   Next: 29%
Magic:  5/5        EV: 13    Int: 13    God:
Gold:   78         SH:  0    Dex: 14    Spells: 4/4 levels left

rFire    . . .     SeeInvis .   a - +2 dagger
rCold    . . .     Faith    .   (no shield)
rNeg     . . .     Spirit   .   (helmet restricted)
rPois    .         Reflect  .   (no amulet)
rElec    .         Harm     .   (no ring)
rCorr    .         Rampage  .   (no ring)
Will     .....                  (no ring)
Stlth    +++++.....             (no ring)
HPRegen  0.11/turn              (no ring)
MPRegen  0.09/turn              (no ring)
                                (no ring)
                                (no ring)

@: no status effects
A: almost no armour, stealthy swim, amphibious, 8 rings, constrict 8, camouflage
1, gelatinous body 1
a: no special abilities


You were on level 3 of the Dungeon.
You visited 1 branch of the dungeon, and saw 3 of its levels.

You collected 78 gold pieces.

Inventory:

Hand Weapons
 a - a +2 dagger (weapon)
 j - a +1 dagger of venom
Missiles
 b - 19 poisoned darts (quivered)
 c - 2 curare-tipped darts
 n - 17 stones
Scrolls
 e - a scroll of fog
 h - a scroll of remove curse
 k - a scroll of enchant weapon {unknown}
 l - a scroll of enchant armour {unknown}
Potions
 d - 3 potions of curing
 f - a potion of haste
 g - a potion of might {unknown}
 i - a potion of lignification {unknown}
 m - a potion of heal wounds {unknown}


   Skills:
 + Level 2.6 Fighting
 + Level 2.7 Short Blades
 + Level 2.1 Throwing
 + Level 1.1 Dodging
 + Level 7.9 Stealth


You had 4 spell levels left.
You didn't know any spells.
Your spell library was empty.

Dungeon Overview and Level Annotations

Branches:
Dungeon (3/15)

Altars:


Innate Abilities, Weirdness & Mutations

You cannot wear most types of armour.
You are very stealthy in the water. (Stealth+)
You are amphibious.
You can wear up to eight rings at the same time.
You can use your tentacles to constrict eight enemies at once.
Your skin changes colour to match your surroundings (Stealth+).
Your rubbery body absorbs attacks. (AC +1, EV +1)


Message History

You constrict the orc priest, but do no damage.
The orc priest hits you with a +0 hand axe!
You hit the orc priest but do no damage.
The orc priest is severely wounded.
You constrict the orc priest, but do no damage.
The orc priest miscasts a cantrip.
You hit the orc priest.
The orc priest is almost dead.
You constrict the orc priest, but do no damage.
The orc priest invokes the aid of Beogh against you.
Beogh smites you!
* * * LOW HITPOINT WARNING * * *
You are too injured to fight recklessly!
You are too injured to fight recklessly!
You release your grip on the orc priest.
You hit the worm. Your grab misses the worm.
The worm is lightly wounded.
The orc priest mumbles some strange prayers to Beogh against you.
Beogh smites you!
You die...

# ####.# ?.....#
##.#.#.## #.......# ..
#..#.#.o# .# #.#...#w##
.# #.##..>@.# .#
#.#####..#####. .#
####.###..........
.######..........)......
...........#####..#####.
........##.# #).#
.#########.# #..# .#
#.#####..# .# #........#


You could see a worm and an orc priest.

Vanquished Creatures
  A hound (D:2)
  Terence (D:2)
  3 adders (D:2)
  2 oozes (D:1)
  A worm (D:2)
  2 dart slugs
  3 leopard geckos (D:2)
  2 orcs (D:3)
  7 bats
  4 giant cockroaches
  3 goblins (D:1)
  3 hobgoblins
  7 kobolds
  A quokka (D:2)
  2 ball pythons (D:1)
  4 frilled lizards (D:1)
  7 rats
53 creatures vanquished.

Notes
Turn   | Place    | Note
-------+----------+-------------------------------------------
     0 | D:1      | Almogavar the Octopode Brigand began the quest for the Orb.
     0 | D:1      | Reached XP level 1. HP: 14/14 MP: 1/1
    61 | D:1      | Reached XP level 2. HP: 19/19 MP: 2/2
   377 | D:1      | Reached skill level 6 in Stealth
   478 | D:1      | Reached XP level 3. HP: 16/24 MP: 3/3
  1180 | D:2      | HP: 1/24 [leopard gecko (1)]
  1408 | D:2      | Reached XP level 4. HP: 30/30 MP: 4/4
  1418 | D:2      | Noticed Terence
  1422 | D:2      | Killed Terence
  1423 | D:2      | Reached skill level 7 in Stealth
  1438 | D:2      | Reached XP level 5. HP: 25/35 MP: 5/5
  2040 | D:3      | Killed from afar by an orc priest

Illustrated notes

Levels and vault maps discovered:
D:1:      wheals_arrival_shading, layout_basic, minmay_stone_trees_medium,
          st_stairs_10, grunt_decor_fettered, minmay_misc_feat_x
D:2:      layout_rooms, uniq_terence
D:3:      layout_loops_ring, nicolae_overflow_crystal_walls,
          kiku_gazebo_garden_becter

Skill      XL: |  1  2  3  4 |
---------------+-------------+-----
Stealth        | 6 7 |  7.9
Fighting       | |  2.6
Short Blades   | |  2.7
Throwing       | |  2.1
Dodging        | |  1.1

Action                   |  1- 3 |  4- 6 || total
-------------------------+-------+-------++-------
Melee: Dagger            |    59 |    28 ||    87
       Constrict         |     8 |     3 ||    11
       Tentacles         |     4 |     4 ||     8
  Use: Scroll            |     2 |     4 ||     6
       Potion            |     1 |       ||     1
 Stab: Sleeping          |    18 |    11 ||    29
Armor: Skin              |     3 |       ||     3
Dodge: Dodged            |    31 |     5 ||    36
